[Event "Early-Titled-Tuesday-Blitz-May-28-2024"]
[Site "Chess.com"]
[Date "2024.05.28"]
[Round "4"]
[White "InitiatingASC"]
[Black "Sofia_Blokhin"]
[Result "0-1"]
[WhiteElo "2423"]
[BlackElo "2274"]
[TimeControl "180+1"]
[EndTime "8:37:55 PDT"]
[Termination "Sofia_Blokhin won by resignation"]

1. d4 f5 2. g3 Nf6 3. Bg2 g6 4. Nh3 Bg7 5. Nf4 O-O 6. Nd2 d6 7. Nf3 Nc6 8. h4 e5 9. d5 Ne7 10. Ne6 Bxe6 11. dxe6 h6 12. h5 g5 13. Nxg5 hxg5 14.
Bxg5 Nh7 15. Bh4 Bf6 16. Qd2 Qc8 17. c3 Rb8 18. Qe3 a6 19. Qa7 b6 20. O-O-O e4 21.
Bxf6 Nxf6 22. Rxd6 Ra8 0-1

[Event "Early-Titled-Tuesday-Blitz-May-28-2024"]
[Site "Chess.com"]
[Date "2024.05.28"]
[Round "4"]
[White "Zq1"]
[Black "Massakru"]
[Result "1-0"]
[WhiteElo "2548"]
[BlackElo "2372"]
[TimeControl "180+1"]
[EndTime "8:37:56 PDT"]
[Termination "Zq1 won by resignation"]

1. d4 Nf6 2. c4 e6 3. Nc3 d5 4. cxd5 Nxd5 5. Nf3 c5 6. g3 Nc6 7. Bg2 Nxc3 8. bxc3 cxd4 9. cxd4 Bb4+ 10. Bd2 Bxd2+ 11.
Qxd2 O-O 12. O-O Bd7 13. Rfd1 Rc8 14. e4 Qa5 15. Qb2 b6 16. h4 Qb4 17. Qe2 Na5 18.
Ne5 Bb5 19. Qg4 Nc4 20. Nf3 f5 21. exf5 exf5 22. Qf4 Qd6 23. Ne5 Nb2 24. Rdb1 Rc2 25. Rc1 Rxc1+ 26. Rxc1 Rd8 27. Qxf5 Qxd4 28. Qe6+ Kh8 29.
Nf7+ Kg8 30. Nh6+ Kh8 31. Qg8+ 1-0

[Event "Early-Titled-Tuesday-Blitz-May-28-2024"]
[Site "Chess.com"]
[Date "2024.05.28"]
[Round "4"]
[White "Aragon"]
[Black "Eloist"]
[Result "0-1"]
[WhiteElo "2104"]
[BlackElo "2436"]
[TimeControl "180+1"]
[EndTime "8:37:57 PDT"]
[Termination "Eloist won by resignation"]

1. d4 e6 2. Nc3 Nf6 3. Bf4 d5 4. e3 a6 5. Qf3 c5 6. O-O-O Nc6 7.
g4 cxd4 8. exd4 Bb4 9. g5 Nd7 10. Nge2 Nf8 11. h4 Ng6 12. Be3 O-O 13. h5 Nge7 14.
h6 g6 15. Bh3 e5 16. dxe5 Bxh3 17. Nxd5 Nxd5 18. Rxd5 Bg4 19. Qf4 Qxd5 20. Qf6 Qxe5 21. Qg7+ Qxg7 0-1

[Event "Early-Titled-Tuesday-Blitz-May-28-2024"]
[Site "Chess.com"]
[Date "2024.05.28"]
[Round "4"]
[White "Jospem"]
[Black "SaraBlackPanther"]
[Result "1-0"]
[WhiteElo "3030"]
[BlackElo "2749"]
[TimeControl "180+1"]
[EndTime "8:37:58 PDT"]
[Termination "Jospem won by resignation"]

1. e4 e5 2. Nf3 Nc6 3. Nc3 Nf6 4. h3 Be7 5. d4 exd4 6. Nxd4 O-O 7. Nxc6 bxc6 8.
Bd3 d5 9. O-O h6 10. Qf3 Bd6 11. Re1 Re8 12. Bf4 Bxf4 13. Qxf4 Rb8 14. b3 Be6 15.
Rad1 Qc8 16. Na4 dxe4 17. Bxe4 Nxe4 18. Rxe4 Bd5 19. Rxe8+ Qxe8 20. c4 Be6 21. Qxc7 Rc8 22. Qxa7 Bf5 23. Qe3 Qf8 24. Qc5 Qxc5 25. Nxc5 Ra8 26. g4 Bc2 27. Rd2 Rxa2 28. Kg2 Bb1 29. Rxa2 Bxa2 30. Kf3 Kf8 31. Ke3 Ke7 32. Kd4 Kd6 33.
Ne4+ Kc7 34. Nd2 Kd6 35. Kc3 Ke5 36. Kb2 1-0

[Event "Early-Titled-Tuesday-Blitz-May-28-2024"]
[Site "Chess.com"]
[Date "2024.05.28"]
[Round "4"]
[White "SharapovEvgeny"]
[Black "OparinGrigoriy"]
[Result "0-1"]
[WhiteElo "2613"]
[BlackElo "3049"]
[TimeControl "180+1"]
[EndTime "8:37:59 PDT"]
[Termination "OparinGrigoriy won by resignation"]

1. e4 c6 2. d4 d5 3. Nc3 dxe4 4. Nxe4 Nf6 5. Nxf6+ exf6 6. Bc4 Bd6 7. Qe2+ Kf8 8. Nf3 Na6 9. O-O Nc7 10. Bd2 h5 11. Rfe1 h4 12. h3 g6 13. Rad1 Kg7 14. Bb3 b5 15. c4 bxc4 16. Qxc4 Be6 17. Qxc6 Bxb3 18. axb3 Rb8 19. d5 Rxb3 20. Bc3 Rb6 21. Qc4 Rh5 22.
Nd4 Nxd5 23. Nc6 Qd7 24. Nd4 Nxc3 25. bxc3 Qc7 26. Qd3 a5 27. c4 Be5 28. Nf3 Bf4 29. Qd4 Rb4 30. Re4 Be5 31. Nxe5 Rxe5 32. Rxe5 fxe5 33. Qxh4 Rxc4 34. Qd8 a4 35. Qa8 Qc6 36. Qa5 Rc5 37. Qb4 Rc1 38. Rxc1 Qxc1+ 39. Kh2 Qf4+ 0-1

[Event "Early-Titled-Tuesday-Blitz-May-28-2024"]
[Site "Chess.com"]
[Date "2024.05.28"]
[Round "4"]
[White "DrCeltic"]
[Black "ChrisTool2"]
[Result "1-0"]
[WhiteElo "2589"]
[BlackElo "2380"]
[TimeControl "180+1"]
[EndTime "8:38:01 PDT"]
[Termination "DrCeltic won by checkmate"]

1. e4 c5 2. Nf3 e6 3. d4 cxd4 4. Nxd4 a6 5. Nc3 Qc7 6. Bd3 Nf6 7. f4 d6 8. Qf3 Nbd7 9. Be3 Be7 10. g4 Nc5 11. g5 Nfd7 12. O-O-O Nxd3+ 13. cxd3 b5 14. Kb1 Bb7 15. Rc1 Qa5 16. Nb3 Qd8 17. Bd4 e5 18. Be3 O-O 19. h4 exf4 20. Bxf4 Ne5 21. Qg3 b4 22.
Nd5 Bxd5 23. exd5 Ng6 24. Nd4 Re8 25. Nc6 Qb6 26. Bxd6 Bxd6 27. Qxd6 Qb5 28. Rc4 b3 29. h5 bxa2+ 30. Ka1 Nf8 31. h6 Re2 32. Ne7+ Rxe7 33. Qxe7 Rb8 34. Qe5 f6 35. gxf6 g6 36. f7+ Kxf7 37.
Rf1+ Kg8 38. Qg7# 1-0

[Event "Early-Titled-Tuesday-Blitz-May-28-2024"]
[Site "Chess.com"]
[Date "2024.05.28"]
[Round "4"]
[White "NowInChess"]
[Black "AlexPapasimakopoulos"]
[Result "0-1"]
[WhiteElo "2244"]
[BlackElo "2619"]
[TimeControl "180+1"]
[EndTime "8:38:02 PDT"]
[Termination "AlexPapasimakopoulos won on time"]

1. e4 e6 2. d3 d5 3. Nd2 c5 4. g3 Nc6 5. Bg2 Nge7 6. Ngf3 g6 7. exd5 exd5 8. O-O Bg7 9. d4 cxd4 10. Nb3 Bg4 11. h3 Bxf3 12. Qxf3 O-O 13. Re1 h6 14. h4 a5 15. Bf4 a4 16. Nc5 b6 17. Nd3 a3 18. b3 Qd7 19. Re2 Rad8 20. Rae1 Nf5 21. Bh3 h5 22. Bg5 Rc8 23. Bxf5 Qxf5 24. Qxf5 gxf5 25. Nf4 Nb4 26. Be7 Nxc2 27. Bxf8 Nxe1 28. Bxg7 Rc1 29. Bf6 Kf8 30. Nxh5 d3 31. Bg7+ Kg8 32.
Re8+ Kh7 33. Be5 Nf3+ 34. Kg2 Nxe5 35. Rxe5 d2 36. Rxd5 d1=Q 37. Rxd1 Rxd1 38. Nf6+ Kg7 39. Ne8+ Kf8 40. Nc7 Rd2 41. Nb5 Rxa2 42. Nc3 Rb2 43. h5 Rxb3 44. Na2 Rb2 45. Nc3 a2 0-1

[Event "Early-Titled-Tuesday-Blitz-May-28-2024"]
[Site "Chess.com"]
[Date "2024.05.28"]
[Round "4"]
[White "knightinshiningarmour16"]
[Black "HighLawView"]
[Result "1-0"]
[WhiteElo "2347"]
[BlackElo "2058"]
[TimeControl "180+1"]
[EndTime "8:38:02 PDT"]
[Termination "knightinshiningarmour16 won by resignation"]

1. d4 Nf6 2. Nf3 d6 3. Bf4 g6 4. e3 Bg7 5. Be2 O-O 6. h3 c5 7.
O-O cxd4 8. exd4 Nc6 9. c3 Ne4 10. Bh2 f5 11. Nbd2 Be6 12. Nxe4 fxe4 13. Ng5 Bf5 14. g4 e5 15. f4 exf4 16. Bxf4 Bd7 17.
Bc4+ Kh8 18. Nf7+ Rxf7 19. Bxf7 Qh4 20. Kg2 Rf8 21. Bd5 Ne7 22. Bxe4 h5 23. Bg3 Qg5 24. Rxf8+ Bxf8 25. Qf3 Bg7 26. Qf4 Qb5 27. Qf2 hxg4 28. hxg4 Bxg4 29. Rh1+ Kg8 30. Rf1 Qh5 31. Qf7+ Kh8 32.
Rh1 1-0

[Event "Early-Titled-Tuesday-Blitz-May-28-2024"]
[Site "Chess.com"]
[Date "2024.05.28"]
[Round "4"]
[White "guillembaches"]
[Black "luggevoila"]
[Result "1-0"]
[WhiteElo "2513"]
[BlackElo "2338"]
[TimeControl "180+1"]
[EndTime "8:38:04 PDT"]
[Termination "guillembaches won by resignation"]

1. Nf3 d6 2. d4 Nf6 3. Bg5 Nbd7 4. c4 g6 5. Nc3 Bg7 6. e3 c5 7. Be2 O-O 8. O-O h6 9. Bh4 a6 10. Qc2 Rb8 11. h3 b6 12. a4 Qc7 13. d5 Ne5 14. Nd2 g5 15. Bg3 h5 16. f4 gxf4 17. Bxf4 Ng6 18. Nde4 Nxe4 19. Nxe4 Nxf4 20. Rxf4 Qd8 21.
Bxh5 e5 22. dxe6 fxe6 23. Rxf8+ Qxf8 24. Rf1 Qd8 25. Nf6+ Bxf6 26. Qg6+ Bg7 27. Rf7 1-0

[Event "Early-Titled-Tuesday-Blitz-May-28-2024"]
[Site "Chess.com"]
[Date "2024.05.28"]
[Round "4"]
[White "kachsona"]
[Black "NCchamp"]
[Result "1-0"]
[WhiteElo "2643"]
[BlackElo "2353"]
[TimeControl "180+1"]
[EndTime "8:38:06 PDT"]
[Termination "kachsona won by resignation"]

1. e4 c5 2. Nf3 d6 3. d4 Nf6 4. Nc3 cxd4 5. Qxd4 Nc6 6. Bb5 Bd7 7. Bxc6 Bxc6 8. Bg5 Qa5 9. O-O-O h6 10. Bxf6 gxf6 11. Kb1 Rg8 12. Nh4 Bd7 13. Rhe1 Rc8 14. Nf5 a6 15. Nd5 Rh8 16. Nxd6+ exd6 17. Nxf6+ Kd8 18. Nxd7 Kxd7 19. Qxh8 Qg5 20. Qh7 Bg7 21. e5 Re8 22. f4 Qg4 23. Rxd6+ Kc7 24. Qe4 h5 25. a4 Re7 26. Qc4+ Kb8 27. Rd8+ Ka7 28. Qc5+ 1-0

[Event "Early-Titled-Tuesday-Blitz-May-28-2024"]
[Site "Chess.com"]
[Date "2024.05.28"]
[Round "4"]
[White "platy3"]
[Black "GrotBchess"]
[Result "1-0"]
[WhiteElo "2876"]
[BlackElo "2592"]
[TimeControl "180+1"]
[EndTime "8:38:11 PDT"]
[Termination "platy3 won by resignation"]

1. d4 Nf6 2. Bf4 e6 3. e3 d5 4. Nf3 c5 5. c3 Nc6 6. Nbd2 Bd6 7. Bg3 Qe7 8. Bb5 O-O 9. O-O Bd7 10. Bxc6 bxc6 11.
Ne5 Rfb8 12. Qc2 cxd4 13. exd4 Rc8 14. b4 a5 15. a3 Be8 16. Bh4 h6 17. f4 Qd8 18.
Nb3 axb4 19. axb4 Be7 20. Nc5 Qb6 21. g4 Qc7 22. g5 hxg5 23. fxg5 Bxc5 24. gxf6 Rxa1 25.
Rxa1 Qxe5 26. bxc5 Qh5 27. Qg2 Qg6 28. Qxg6 fxg6 29.
Ra7 Bf7 30. Kf2 gxf6 31. Bxf6 Rb8 32. Be5 Rc8 33. Kg3 g5 34. Kg4 Kf8 35. Kxg5 Be8 36. Kf6 Kg8 37. Rg7+ Kh8 38. Kxe6 Bh5 39. Rc7+ Kg8 40.
Rxc8+ Kh7 41. Rh8+ 1-0

[Event "Early-Titled-Tuesday-Blitz-May-28-2024"]
[Site "Chess.com"]
[Date "2024.05.28"]
[Round "4"]
[White "MathiasWomacka"]
[Black "SimplyDevina"]
[Result "1-0"]
[WhiteElo "2520"]
[BlackElo "2307"]
[TimeControl "180+1"]
[EndTime "8:38:11 PDT"]
[Termination "MathiasWomacka won by resignation"]

1. e4 c6 2. d4 d5 3. Nd2 dxe4 4. Nxe4 Nf6 5. Nxf6+ exf6 6. Bc4 Bd6 7. Qe2+ Qe7 8.
Qxe7+ Bxe7 9. Bf4 Nd7 10. Ne2 Nb6 11. Bd3 O-O 12. O-O-O Be6 13. b3 a5 14. Bg3 a4 15.
Nf4 axb3 16. axb3 Bb4 17. Kb2 Ba3+ 18. Kc3 Nd5+ 19. Nxd5 Bxd5 20. f3 c5 21. dxc5 Be6 22.
Be4 Rac8 23. b4 b6 24. Ra1 bxc5 25. Rxa3 cxb4+ 26. Kxb4 Rc4+ 27. Kb5 Rfc8 28. Rd1 f5 29. Bb7 R8c5+ 30. Kb6 g5 31. Bd6 1-0

[Event "Early-Titled-Tuesday-Blitz-May-28-2024"]
[Site "Chess.com"]
[Date "2024.05.28"]
[Round "4"]
[White "Alexander_Donchenko"]
[Black "krstulov_alex"]
[Result "1-0"]
[WhiteElo "2911"]
[BlackElo "2662"]
[TimeControl "180+1"]
[EndTime "8:38:13 PDT"]
[Termination "Alexander_Donchenko won by resignation"]

1. Nf3 d5 2. g3 Nc6 3. d4 Bf5 4. Bg2 Nb4 5. Na3 e6 6. c3 Nc6 7. Qb3 Rb8 8. O-O Be7 9. Re1 Be4 10. Bh3 Nf6 11. Bg5 Nd7 12. Bxe7 Qxe7 13. Nd2 Bg6 14.
e4 dxe4 15. Nxe4 O-O 16. Bg2 Rfd8 17. Rad1 Bh5 18. Rc1 b6 19. Nb5 Na5 20. Qa4 Rb7 21. b4 Nc6 22. Nd2 Ndb8 23. d5 a6 24. dxc6 axb5 25. Qa8 Na6 26. cxb7 1-0

[Event "Early-Titled-Tuesday-Blitz-May-28-2024"]
[Site "Chess.com"]
[Date "2024.05.28"]
[Round "4"]
[White "edgarhay012"]
[Black "Budag-Leyla"]
[Result "1-0"]
[WhiteElo "2615"]
[BlackElo "1948"]
[TimeControl "180+1"]
[EndTime "8:38:14 PDT"]
[Termination "edgarhay012 won by resignation"]

1. e4 d5 2. exd5 Nf6 3. Nf3 Nxd5 4. d4 Bg4 5. c3 e6 6. Be2 Nc6 7. O-O Be7 8. Nbd2 O-O 9. Ne4 h6 10. Ng3 Bd6 11. h3 Bxg3 12. fxg3 Bh5 13. Bd3 e5 14. g4 Bg6 15. Bxg6 fxg6 16. dxe5 Kh7 17. a4 Qd7 18. Qc2 Rae8 19. Re1 Rxf3 20. gxf3 Nxe5 21. Kg2 Qf7 22. f4 Nxf4+ 23. Bxf4 Qxf4 24. Qe4 Qd2+ 25. Re2 Qd6 26. Rae1 Re7 27. Qd4 Qc6+ 28. Qe4 Qd6 29. Qxb7 c6 30. Qb4 c5 31. Qe4 Nc6 32. Qf3 Rd7 33. Re6 Qd2+ 34.
R1e2 Qd1 35. Qxc6 Rf7 36. Rf2 Rd7 37. Qe4 1-0

[Event "Early-Titled-Tuesday-Blitz-May-28-2024"]
[Site "Chess.com"]
[Date "2024.05.28"]
[Round "4"]
[White "TheoSlade"]
[Black "lluiss"]
[Result "1-0"]
[WhiteElo "2444"]
[BlackElo "2173"]
[TimeControl "180+1"]
[EndTime "8:38:14 PDT"]
[Termination "TheoSlade won on time"]

1. d4 Nf6 2. c4 g6 3. Nc3 d5 4. cxd5 Nxd5 5. e4 Nxc3 6. bxc3 Bg7 7. Be3 c5 8. Rc1 Qa5 9. Qd2 cxd4 10. cxd4 Qxd2+ 11.
Bxd2 O-O 12. Nf3 Bg4 13. Be3 Nc6 14. d5 Nb4 15. a3 Na2 16. Rc7 e6 17. d6 Bxf3 18.
gxf3 Be5 19. Rc2 Nc3 20. f4 Bg7 21. e5 Rfc8 22. Bg2 Nd5 23. Rxc8+ Rxc8 24. Bxd5 exd5 25. Bxa7 g5 26. Bb6 1-0

[Event "Early-Titled-Tuesday-Blitz-May-28-2024"]
[Site "Chess.com"]
[Date "2024.05.28"]
[Round "4"]
[White "BashiqChess"]
[Black "Szachulec75"]
[Result "1-0"]
[WhiteElo "2411"]
[BlackElo "2170"]
[TimeControl "180+1"]
[EndTime "8:38:14 PDT"]
[Termination "BashiqChess won by resignation"]

1. a3 g6 2. d4 Bg7 3. Nf3 d6 4. g3 Nf6 5. Bg2 O-O 6. O-O Nbd7 7. b4 e5 8. dxe5 Ng4 9. Bb2 Ngxe5 10. Nxe5 Nxe5 11. Qc1 c6 12. c4 Bg4 13. Re1 Re8 14. h3 Be6 15. Nd2 d5 16. c5 h5 17. f4 Nd7 18.
Bxg7 Kxg7 19. e4 dxe4 20. Nxe4 Bd5 21. Qc3+ Kg8 22. Rad1 Qc7 23. Nd6 Rxe1+ 24. Rxe1 Bxg2 25. Kxg2 b6 26. Re7 Rf8 27. Ne4 Rd8 28. Ng5 Rf8 29. Qd4 1-0

[Event "Early-Titled-Tuesday-Blitz-May-28-2024"]
[Site "Chess.com"]
[Date "2024.05.28"]
[Round "4"]
[White "Kezin_Roman"]
[Black "Manukyan_Artak"]
[Result "0-1"]
[WhiteElo "2771"]
[BlackElo "2572"]
[TimeControl "180+1"]
[EndTime "8:38:15 PDT"]
[Termination "Manukyan_Artak won by resignation"]

1. d4 d5 2. c4 dxc4 3. e3 e5 4. Bxc4 exd4 5. exd4 Nf6 6. Qf3 Qxd4 7. Bb3 Bg4 8. Qxb7 Bb4+ 9. Bd2 Ne4 10. Ba4+ Kd8 11. Nf3 Qxf2+ 12. Kd1 Qxg2 13. Qd5+ Kc8 14. Bd7+ Bxd7 15.
Qxe4 Qxh1+ 16. Kc2 Nc6 17. Nc3 Qxa1 18. Nd5 Bxd2 19.
Ne7+ Kb7 20. Ne5 Qc1+ 21. Kb3 Rhe8 0-1

[Event "Early-Titled-Tuesday-Blitz-May-28-2024"]
[Site "Chess.com"]
[Date "2024.05.28"]
[Round "4"]
[White "crescentmoon2411"]
[Black "KononenkoD"]
[Result "1/2-1/2"]
[WhiteElo "2884"]
[BlackElo "2599"]
[TimeControl "180+1"]
[EndTime "8:38:16 PDT"]
[Termination "Game drawn by repetition"]

1. d4 d5 2. Nf3 Nf6 3. Bf4 c5 4.
e3 cxd4 5. exd4 Nc6 6. Nbd2 Bg4 7. c3 e6 8. Bd3 Bd6 9. Bg3 O-O 10. O-O Rb8 11. a4 Bxg3 12. hxg3 Qd6 13. Re1 Rfc8 14. Qb1 Bxf3 15. Nxf3 h6 16. Ne5 Na5 17. Qd1 a6 18. f4 Nc4 19. Bxc4 dxc4 20. g4 Nd5 21. g5 Nxf4 22.
gxh6 f6 23. Qg4 g5 24. g3 Nd5 25. Qh5 Rc7 26. Qg6+ Kh8 27. Nf7+ Rxf7 28. Qxf7 Qxg3+ 29. Kh1 Qh3+ 30. Kg1 Qg3+ 31. Kh1 Qh3+ 32. Kg1 Qg3+ 1/2-1/2

[Event "Early-Titled-Tuesday-Blitz-May-28-2024"]
[Site "Chess.com"]
[Date "2024.05.28"]
[Round "4"]
[White "Yan_Dyomin2010"]
[Black "janhelmer03"]
[Result "1/2-1/2"]
[WhiteElo "2595"]
[BlackElo "2412"]
[TimeControl "180+1"]
[EndTime "8:38:16 PDT"]
[Termination "Game drawn by agreement"]

1. e4 c5 2. Nf3 d6 3. d4 cxd4 4. Nxd4 Nf6 5. Nc3 g6 6. Be3 Bg7 7. f3 O-O 8. Qd2 Nc6 9. O-O-O d5 10.
exd5 Nxd5 11. Nxc6 bxc6 12. Bd4 e5 13. Bc5 Re8 14. Ne4 Qc7 15. h4 f5 16. Nd6 Rd8 17.
Nxc8 Raxc8 18. h5 Nb6 19. Bxb6 Rxd2 20. Bc4+ Kf8 21. Bxc7 Rxd1+ 22. Rxd1 Rxc7 23. hxg6 hxg6 24. Rd6 Bh6+ 25. Kd1 Kg7 26. b4 Bf4 27. Rd8 Kf6 28.
c3 Kg5 29. Ke2 Rh7 30. Kf2 Rh1 31. Bf1 e4 32. fxe4 fxe4 33. Rd7 e3+ 34. Ke2 Rh8 35. Kf3 Rf8 36. Bd3 Be5+ 37. Kxe3 Bxc3 38. Rd6 Rf6 39. Rxf6 Kxf6 40. a3 Bb2 41. a4 Bc3 42. b5 cxb5 43.
Bxb5 a5 44. Ke4 Bb4 45. Bd7 g5 46. Bg4 Be1 1/2-1/2

[Event "Early-Titled-Tuesday-Blitz-May-28-2024"]
[Site "Chess.com"]
[Date "2024.05.28"]
[Round "4"]
[White "H3nriqueTV"]
[Black "xasid81"]
[Result "1-0"]
[WhiteElo "2370"]
[BlackElo "2571"]
[TimeControl "180+1"]
[EndTime "8:38:19 PDT"]
[Termination "H3nriqueTV won by resignation"]

1. e4 a6 2. g3 b5 3. Bg2 Bb7 4.
d3 e6 5. Ne2 c5 6. O-O Nc6 7.
c3 Nf6 8. e5 Nd5 9. d4 cxd4 10.
cxd4 Be7 11. Nbc3 Nxc3 12. bxc3 O-O 13. a4 d6 14. exd6 Bxd6 15. Bf4 Bxf4 16. Nxf4 Rb8 17. axb5 axb5 18. Qe2 b4 19. Rfe1 bxc3 20. Nxe6 Nxd4 21. Nxd8 Nxe2+ 22. Rxe2 Bxg2 23. Kxg2 Rfxd8 24. Rc2 Rdc8 25. Ra3 h5 26. h4 Rb2 27. Rcxc3 Re8 28. Rf3 Re7 29.
Ra8+ Kh7 30. Rf8 f6 31. Ra8 Re1 32. Ra5 Kg6 33. Rd3 Ree2 34. Rf3 Rb1 35. Rd3 Ree1 36. Ra2 Rg1+ 37. Kf3 Rb5 38. Re3 Rf5+ 39. Ke2 Rg2 40. Rf3 Re5+ 41. Kf1 Rh2 42. Kg1 Rf5 43. Rxf5 1-0

[Event "Early-Titled-Tuesday-Blitz-May-28-2024"]
[Site "Chess.com"]
[Date "2024.05.28"]
[Round "4"]
[White "AradNazari"]
[Black "LLRChess"]
[Result "0-1"]
[WhiteElo "2783"]
[BlackElo "2583"]
[TimeControl "180+1"]
[EndTime "8:38:20 PDT"]
[Termination "LLRChess won by resignation"]

1. e4 e6 2. d4 d5 3. e5 c5 4. c3 Nc6 5. Nf3 Qb6 6. a3 c4 7.
Nbd2 Na5 8. Rb1 Bd7 9. h4 h6 10. Be2 O-O-O 11. b4 cxb3 12. Nxb3 Ba4 13. Nfd2 Nxb3 14.
Nxb3 Ne7 15. Bd3 Nc6 16. Bc2 Qa6 17. Rh3 Bb5 18. Nd2 Na5 19. Qf3 Rd7 20. a4 Bc4 21. Nxc4 Nxc4 22. h5 Ba3 23. Bf4 Rf8 24. Rg3 g5 25.
hxg6 fxg6 26. Rxg6 Rdf7 27. g3 Bb2 28. Bb3 Qa5 29. Bxc4 Bxc3+ 30. Kf1 dxc4 31. Qxb7+ Rxb7 0-1

[Event "Early-Titled-Tuesday-Blitz-May-28-2024"]
[Site "Chess.com"]
[Date "2024.05.28"]
[Round "4"]
[White "Iskusnyh"]
[Black "Chessbard1972"]
[Result "1-0"]
[WhiteElo "2615"]
[BlackElo "2413"]
[TimeControl "180+1"]
[EndTime "8:38:20 PDT"]
[Termination "Iskusnyh won by resignation"]

1. d4 Nf6 2. c4 g6 3. g3 Bg7 4. Bg2 O-O 5. Nc3 d6 6. Nf3 Bf5 7. O-O Nc6 8. d5 Nb8 9. Nd4 Bg4 10. h3 Bd7 11. e4 c5 12. Nde2 e6 13. Bg5 h6 14.
Be3 exd5 15. exd5 Na6 16. Qd2 Kh7 17. g4 Re8 18. Ng3 Nc7 19. Nce4 Nxe4 20. Nxe4 Qe7 21. Bf4 Be5 22. Rae1 Qd8 23. Bxe5 Rxe5 24. Nxd6 Rxe1 25. Rxe1 Qf6 26. Nxb7 Qb6 27. d6 Ne6 28. Nxc5 Rd8 29. Nxe6 Bxe6 30. Rd1 Bxc4 31. b3 Be6 32. Qd4 Qa5 33. Rd2 h5 34. Bf3 hxg4 35. hxg4 Qg5 36. Kg2 f5 37. Qxa7+ Rd7 38. Qe3 f4 39. Qxe6 1-0

[Event "Early-Titled-Tuesday-Blitz-May-28-2024"]
[Site "Chess.com"]
[Date "2024.05.28"]
[Round "4"]
[White "HamedWafa4"]
[Black "Slovineanu"]
[Result "1-0"]
[WhiteElo "2772"]
[BlackElo "2550"]
[TimeControl "180+1"]
[EndTime "8:38:22 PDT"]
[Termination "HamedWafa4 won by resignation"]

1. e4 c6 2. d4 d5 3. e5 Bf5 4. h4 h5 5. Bd3 Bxd3 6. Qxd3 Qa5+ 7. Nd2 e6 8. Ne2 Ne7 9. O-O Nf5 10. Nf3 Be7 11.
Bg5 c5 12. Bxe7 Kxe7 13. c3 Nc6 14. Ng3 g6 15. Nxf5+ gxf5 16. dxc5 Qxc5 17. b4 Qb6 18. a4 Rag8 19. a5 Qc7 20. Rfe1 Rg4 21. Qe3 Rhg8 22. g3 Re4 23. Qc5+ Kd7 24. b5 Ne7 25. Qa3 Ng6 26. b6 axb6 27. axb6 Qc6 28. Ng5 Nxh4 29. Rxe4 Nf3+ 30.
Nxf3 fxe4 31. Nd4 Qxb6 32. Qa4+ Ke7 33. Qa3+ Kd7 34. Qc1 Qc7 35. Qf4 Ke7 36. Qf6+ 1-0

[Event "Early-Titled-Tuesday-Blitz-May-28-2024"]
[Site "Chess.com"]
[Date "2024.05.28"]
[Round "4"]
[White "Makswolf200817"]
[Black "Nekoo04"]
[Result "1-0"]
[WhiteElo "2750"]
[BlackElo "2421"]
[TimeControl "180+1"]
[EndTime "8:38:22 PDT"]
[Termination "Makswolf200817 won by resignation"]

1. e4 c5 2. Nc3 Nc6 3. f4 g6 4. Nf3 Bg7 5. Bc4 e6 6. d3 Nge7 7. O-O O-O 8. e5 d6 9. exd6 Nf5 10. Ne4 Nxd6 11. Bb3 b6 12. Kh1 Nxe4 13. dxe4 Ba6 14.
c4 Qxd1 15. Rxd1 Na5 16. e5 Nxc4 17. Bc2 Rad8 18. b3 Rxd1+ 19. Bxd1 Rd8 20. Bc2 Nd6 21. Bb2 Nf5 22. Be4 Bd3 23. Rd1 Bxe4 24. Rxd8+ Bf8 25.
Ng5 Bd5 26. Kg1 Kg7 27. Rd7 Be7 28. Rxa7 h6 29. g4 hxg5 30. gxf5 gxf5 31. Rxe7 gxf4 32. Kf2 b5 33. Rc7 c4 34. bxc4 bxc4 35. a4 1-0

[Event "Early-Titled-Tuesday-Blitz-May-28-2024"]
[Site "Chess.com"]
[Date "2024.05.28"]
[Round "4"]
[White "Connectedcloud"]
[Black "Dexter_Dyke"]
[Result "0-1"]
[WhiteElo "2194"]
[BlackElo "2449"]
[TimeControl "180+1"]
[EndTime "8:38:28 PDT"]
[Termination "Dexter_Dyke won by checkmate"]

1. Nf3 Nf6 2. e3 g6 3. c4 Bg7 4.
Nc3 O-O 5. d4 d6 6. Be2 Nc6 7.
O-O e5 8. d5 Ne7 9. e4 Nd7 10.
b4 a5 11. bxa5 Rxa5 12. a4 Ra8 13. Be3 h6 14. Ra3 f5 15. exf5 gxf5 16. Qc2 f4 17. Bc1 Nc5 18. Nd2 Bf5 19. Nde4 Ng6 20. f3 Kh8 21. Qb2 b6 22. Nxc5 dxc5 23. a5 bxa5 24. Kh1 e4 25. fxe4 Bxe4 26. Qd2 Bf5 27. Bd3 Qg5 28. Bxf5 Rxf5 29. Ne4 Qe7 30. Qd3 Re5 31. Nd2 Nh4 32. Bb2 Re3 33. Qc2 Rg8 34. Bxg7+ Qxg7 35. Rxe3 Qxg2# 0-1

[Event "Early-Titled-Tuesday-Blitz-May-28-2024"]
[Site "Chess.com"]
[Date "2024.05.28"]
[Round "4"]
[White "biveklama"]
[Black "MiguelBestard1981"]
[Result "1-0"]
[WhiteElo "2630"]
[BlackElo "2282"]
[TimeControl "180+1"]
[EndTime "8:38:29 PDT"]
[Termination "biveklama won by resignation"]

1. e4 e5 2. Nf3 Nf6 3. Nxe5 d6 4.
Nf3 Nxe4 5. Nc3 Nf6 6. d4 Be7 7.
Bb5+ c6 8. Bd3 O-O 9. O-O Bg4 10.
Bf4 Nbd7 11. Re1 Re8 12. h3 Bxf3 13. Qxf3 Nf8 14. d5 c5 15. Bb5 N6d7 16. Qg3 a6 17. Bd3 Nf6 18. a4 Ng6 19. Bxg6 hxg6 20. Qf3 b6 21. Rad1 Qd7 22. b3 Bf8 23. Ne4 Nxe4 24. Rxe4 Rxe4 25. Qxe4 Re8 26. Qd3 b5 27. axb5 axb5 28.
Ra1 b4 29. Kf1 Qf5 30. Qxf5 gxf5 31. Ra6 Rd8 32. Bg5 f6 33. Be3 Kf7 34. h4 Re8 35.
Ra7+ Re7 36. Rxe7+ Bxe7 37. h5 g5 38. hxg6+ Kxg6 39. Bf4 Kh5 40. f3 Kh4 41. Ke2 Kh5 42. Kd3 Kg6 43. Kc4 Kf7 44. Kb5 Ke8 45. Kc6 Kd8 46. Bxd6 Bxd6 47. Kxd6 1-0

[Event "Early-Titled-Tuesday-Blitz-May-28-2024"]
[Site "Chess.com"]
[Date "2024.05.28"]
[Round "4"]
[White "Malev212"]
[Black "Louis-Paulsen-Fan"]
[Result "1-0"]
[WhiteElo "2630"]
[BlackElo "2308"]
[TimeControl "180+1"]
[EndTime "8:38:31 PDT"]
[Termination "Malev212 won on time"]

1. e4 Nf6 2. e5 Nd5 3. d4 d6 4.
Nf3 g6 5. Bc4 Nb6 6. Bb3 Bg7 7.
Ng5 d5 8. f4 O-O 9. c3 f6 10.
Nf3 Be6 11. Be3 Na6 12. Nbd2 Rc8 13. h4 c5 14. h5 cxd4 15. Nxd4 Qd7 16. hxg6 hxg6 17.
exf6 exf6 18. Bc2 f5 19. Qf3 Nc5 20. O-O-O Ne4 21. g4 fxg4 22. Qg2 Bf5 23. Nxe4 Bxe4 24. Bxe4 dxe4 25. f5 gxf5 26. Qh2 Nd5 27. Qh7+ Kf7 28.
Nxf5 Rg8 29. Nh6+ Ke6 30. Qf5+ Ke7 31. Qf7+ 1-0

[Event "Early-Titled-Tuesday-Blitz-May-28-2024"]
[Site "Chess.com"]
[Date "2024.05.28"]
[Round "4"]
[White "FMStan15"]
[Black "David_ATM"]
[Result "0-1"]
[WhiteElo "2147"]
[BlackElo "2440"]
[TimeControl "180+1"]
[EndTime "8:38:33 PDT"]
[Termination "David_ATM won by resignation"]

1. e4 e5 2. Nf3 Nc6 3. Bb5 a6 4. Bxc6 dxc6 5. O-O Bg4 6. h3 h5 7. d3 Qf6 8. Be3 Bxf3 9. Qxf3 Qxf3 10. gxf3 Bd6 11.
Nd2 f6 12. Rfb1 g5 13. Kf1 Ne7 14. Ke2 Ng6 15. b4 Kf7 16. a4 h4 17. c3 Rhd8 18. Nc4 Rd7 19. Na5 Rb8 20. b5 cxb5 21. axb5 axb5 22.
Rxb5 b6 23. Nc4 Rdd8 24. Ra7 Ke6 25. Ra1 Ra8 26. Rbb1 Bc5 27. Bxc5 bxc5 28. Rxa8 Rxa8 29. Rb7 Nf4+ 30. Kd2 Ra2+ 31. Ke1 Nxd3+ 32. Kf1 Rxf2+ 33. Kg1 Rxf3 34. Rxc7 Rxh3 35. Rc6+ Kf7 36. Rc7+ Kg6 37. Nb6 Rg3+ 38. Kh2 Ne1 39. Kh1 Nf3 0-1